 Dungeon Crawl Stone Soup version 0.19.4 (webtiles) character file.

511 Naow the Magician (level 6, -3/32 HPs)
             Began as a Deep Elf Fire Elementalist on Feb 4, 2017.
             Slain by Duvessa
             ... wielding a +0 short sword
              (7 damage)
             ... on level 4 of the Dungeon.
             The game lasted 00:08:47 (5094 turns).

Naow the Magician (Deep Elf Fire Elementalist)      Turns: 5094, Time: 00:08:47

Health: -3/32      AC:  2    Str:  5    XL:     6   Next: 99%
Magic:  1/17       EV: 13    Int: 22    God:
Gold:   289        SH:  0    Dex: 15    Spells: 5 memorised, 2 levels left

rFire  . . .     SeeInvis .     l - +2 dagger (drain)
rCold  . . .     Gourm    +     a - +0 robe
rNeg   . . .     Faith    .     (no shield)
rPois  .         Spirit   .     (no helmet)
rElec  .         Reflect  .     (no cloak)
rCorr  .         Harm     .     (no gloves)
MR     .....                    (no boots)
Stlth  +.........               k - amulet of the gourmand
                                (no ring)
                                (no ring)

@: glowing
A: no striking features
a: no special abilities


You were on level 4 of the Dungeon.
You were completely stuffed.

You visited 1 branch of the dungeon, and saw 4 of its levels.

You collected 289 gold pieces.

Inventory:

Hand Weapons
 l - a +2 dagger of draining (weapon)
Armour
 a - a +0 robe (worn)
Jewellery
 k - an amulet of the gourmand (around neck)
 n - an uncursed ring of wizardry {unknown}
 o - an uncursed ring of resist corrosion {unknown}
 u - an uncursed ring of ice {unknown}
Wands
 w - a wand of random effects (38/48)
Scrolls
 d - a scroll of random uselessness {unknown}
 e - 3 scrolls of identify {unknown}
 g - 3 scrolls of remove curse {unknown}
 i - a scroll of enchant armour {unknown}
 j - 2 scrolls of amnesia {unknown}
Potions
 h - a potion of cancellation {unknown}
 m - a potion of magic {unknown}
 q - a potion of agility {unknown}
 s - a potion of cure mutation {unknown}
 t - a potion of degeneration {unknown}
 v - a potion of resistance {unknown}
 x - a potion of berserk rage {unknown}
Books
 b - a book of Flames

   Spells                             Type                      Level
   a - Flame Tongue                   Conjuration/Fire             1
   b - Throw Flame                    Conjuration/Fire             2
   c - Conjure Flame                  Conjuration/Fire             3
   d - Inner Flame                    Hexes/Fire                   3
   e - Sticky Flame                   Conjuration/Fire             4
   f - Fireball                       Conjuration/Fire             5
 p - a book of Misfortune

   Spells                             Type                      Level
   a - Confusing Touch                Hexes                        1
   b - Confuse                        Hexes                        3
   c - Gell's Gravitas                Hexes/Translocation          3
   d - Petrify                        Transmutation/Earth          4
   e - Metabolic Englaciation         Hexes/Ice                    5
   f - Yara's Violent Unravelling     Hexes/Transmutation          5
Comestibles
 c - 2 bread rations
 f - 3 fruits
 r - a beef jerky


   Skills:
 - Level 2.4 Dodging
 - Level 2.4 Stealth
 + Level 6.4 Spellcasting
 + Level 4.5 Conjurations
 + Level 5.7 Fire Magic


You had 2 spell levels left.
You knew the following spells:

 Your Spells              Type           Power        Failure   Level  Hunger
a - Flame Tongue          Conj/Fire      ####.        1%          1    None
b - Throw Flame           Conj/Fire      ####..       1%          2    None
c - Conjure Flame         Conj/Fire      ####....     3%          3    #......
d - Sticky Flame          Conj/Fire      ####....     12%         4    ###....
e - Fireball              Conj/Fire      ####......   34%         5    #####..


Dungeon Overview and Level Annotations

Branches:
Dungeon (4/15)
 Temple: D:4-7

Altars:

Annotations:
D:4 Dowan, Duvessa


Message History

Aim: Duvessa, wielding a short sword (heavily wounded, fast, covered in liquid flames)
Okay, then.
Duvessa burns!
Dowan closely misses you. Duvessa hits you but does no damage.
Duvessa burns!
Duvessa burns!
Duvessa stops burning.
Dowan points at you and mumbles some strange words.
You are outlined in light.
Duvessa hits you with a short sword.
* * * LOW HITPOINT WARNING * * *
Casting: Sticky Flame
Confirm with . or Enter, or press ? or * to list all spells.
Aiming: Sticky Flame
Press: ? - help, Shift-Dir - straight line, f/p - Duvessa
Aim: Duvessa, wielding a short sword (severely wounded, fast)
The sticky flame hits Duvessa.
Duvessa is almost dead.
Duvessa is covered in liquid flames!
Duvessa burns!
Duvessa hits you with a short sword.
* * * LOW HITPOINT WARNING * * *
Duvessa hits you with a short sword!
You die...

#.....#...#
#.....#...#
#.....'...#
#.....#...#
######.....#...#
#..........#...#
#...e.######e..#
#...e.# #...#
#...@.# #e..#
#.....# ....#
#......# #.....#
##r..# #......#
#)....# #...#
#......# #.....#
....# #......#
#.....# ....#
#......# #.....#
#......# #.....#
#......# #...<.#


You could see Duvessa (burning) and Dowan.

Vanquished Creatures
  A sky beast (D:4)
  A water moccasin skeleton (D:4)
  A scorpion (D:4)
  A jelly (D:3)
  2 worker ants (D:4)
  A hound skeleton (D:4)
  7 gnolls
  3 adders
  A howler monkey skeleton (D:4)
  An ooze (D:1)
  5 worms
  6 dart slugs
  A leopard gecko (D:4)
  3 orcs (D:3)
  6 giant cockroaches
  12 goblins
  13 hobgoblins
  6 jackals
  4 kobolds
  A ball python (D:2)
  9 bats
  5 frilled lizards
  A leopard gecko skeleton (D:4)
  13 rats
104 creatures vanquished.

Notes
Turn   | Place    | Note
-------+----------+-------------------------------------------
     0 | D:1      | Naow the Deep Elf Fire Elementalist began the quest for the Orb.
     0 | D:1      | Reached XP level 1. HP: 10/10 MP: 6/6
   272 | D:1      | Reached XP level 2. HP: 15/15 MP: 2/8
   382 | D:1      | Learned a level 2 spell: Throw Flame
  1132 | D:1      | Reached XP level 3. HP: 19/19 MP: 3/10
  1301 | D:1      | Reached skill level 4 in Spellcasting
  1580 | D:2      | Learned a level 3 spell: Conjure Flame
  2329 | D:2      | Reached XP level 4. HP: 24/24 MP: 10/12
  3308 | D:3      | Reached skill level 5 in Spellcasting
  3336 | D:3      | Reached XP level 5. HP: 27/28 MP: 8/14
  3343 | D:3      | Learned a level 4 spell: Sticky Flame
  3702 | D:3      | Reached skill level 5 in Fire Magic
  3838 | D:4      | Noticed a sky beast
  3844 | D:4      | Killed a sky beast
  3844 | D:4      | Reached XP level 6. HP: 32/32 MP: 8/16
  3932 | D:4      | Learned a level 5 spell: Fireball
  4180 | D:4      | Reached skill level 6 in Spellcasting
  5071 | D:4      | Noticed Dowan
  5072 | D:4      | Noticed Duvessa
  5094 | D:4      | Slain by Duvessa

Skill      XL: |  1  2  3  4  5  6 |
---------------+-------------------+-----
Spellcasting   | 4 5 6 |  6.4
Conjurations   | 2 3 4 |  4.5
Fire Magic     | 4 5 |  5.7
Dodging        | |  2.4
Stealth        | |  2.4

Action                   |  1- 3 |  4- 6 || total
-------------------------+-------+-------++-------
Melee: Unarmed           |     8 |       ||     8
       Dagger            |     2 |    12 ||    14
 Cast: Flame Tongue      |    81 |   119 ||   200
       Throw Flame       |     4 |    13 ||    17
       Sticky Flame      |       |     7 ||     7
       Conjure Flame     |       |     3 ||     3
  Eat: Chunk             |    10 |    13 ||    23
Armor: Robe              |    16 |    13 ||    29
Dodge: Dodged            |    58 |    65 ||   123
